 Dungeon Crawl Stone Soup version 0.28.0-45-g0d030f2227 (webtiles) character file.

Game seed: 18297751625829416516

4405 Peloso the Protected (level 10, -1/92 HPs)
             Began as a Minotaur Fighter on Apr 16, 2022.
             Was a Priest of Okawaru.
             Slain by an unseen horror (6 damage)
             ... on level 10 of the Dungeon.
             The game lasted 00:14:20 (9133 turns).

Peloso the Protected (Minotaur Fighter)             Turns: 9133, Time: 00:14:21

Health: -1/92      AC: 16    Str: 20    XL:     10   Next: 14%
Magic:  9/9        EV:  7    Int:  5    God:    Okawaru [***...]
Gold:   373        SH:  6    Dex: 15    Spells: 9/9 levels left

rFire   . . .      SeeInvis .   b - +8 woodcutter's axe {vorpal}
rCold   + . .      Faith    .   c - +0 buckler
rNeg    . . .      Spirit   .   k - +0 plate armour
rPois   .          Reflect  .   (helmet restricted)
rElec   .          Harm     .   v - +0 cloak
rCorr   .          Rampage  .   (no gloves)
Will    .....                   (no boots)
Stlth   ..........              (no amulet)
HPRegen 0.25/turn               f - ring of protection from cold
MPRegen 0.11/turn               (no ring)

@: no status effects
A: horns 2, retaliatory headbutt
a: Renounce Religion, Heroism


You were on level 10 of the Dungeon.
You worshipped Okawaru.
Okawaru was most pleased with you.
You visited 2 branches of the dungeon, and saw 11 of its levels.

You collected 373 gold pieces.

Inventory:

Hand Weapons
 a - a +4 scimitar
 b - the +8 woodcutter's axe (weapon) {vorpal}
   (You found it on level 3 of the Dungeon)

   It inflicts extra damage upon your enemies.
Armour
 c - a +0 buckler (worn)
 k - a +0 plate armour (worn)
 r - a +1 hat
 v - a +0 cloak (worn)
Jewellery
 f - a ring of protection from cold (left hand)
 j - a +6 ring of strength
Wands
 q - a wand of acid (1)
 s - a wand of iceblast (10)
 y - a wand of digging (5)
 z - a wand of flame (11)
Scrolls
 e - 3 scrolls of identify
 h - 2 scrolls of immolation
 l - a scroll of brand weapon
 n - a scroll of amnesia
 o - 2 scrolls of teleportation
 u - a scroll of holy word
Potions
 d - 3 potions of might
 g - a potion of magic
 i - 2 potions of haste
 m - 2 potions of flight


   Skills:
 + Level 9.7 Fighting
 + Level 7.0 Long Blades
 + Level 6.7 Axes
 + Level 10.6 Armour
 + Level 2.1 Dodging
 + Level 0.6 Stealth
 + Level 6.7 Shields
 + Level 0.2 Invocations


You had 9 spell levels left.
You didn't know any spells.
Your spell library contained the following spells:

 Spells                   Type           Power      Damage    Failure   Level
 Blink                    Tloc           0%         N/A       100%        2
 Lesser Beckoning         Tloc           0%         N/A       100%        3
 Excruciating Wounds      Necr           0%         N/A       100%        5
 Manifold Assault         Tloc           0%         N/A       100%        5
 Fire Storm               Conj/Fire      0%         5d1       100%        9
 Simulacrum               Ice/Necr       Unusable   N/A       N/A         6

Dungeon Overview and Level Annotations

Branches:
Dungeon (10/15)            Temple (1/1) D:4            Lair (0/6) D:9
    Orc: D:9-12

Altars:
Hepliaklqana
Okawaru

Shops:
D:4 (   D:9 =

Annotations:
D:6 2 transporters, Faeu's ghost, novice MiGl


Innate Abilities, Weirdness & Mutations

You have a pair of horns on your head.
You reflexively headbutt those who attack you in melee.


Message History

You completely miss something. Something hits you but does no damage.
Something hits you but does no damage.
You miss something. Something hits you.
* * * LOW HITPOINT WARNING * * *
Something hits you but does no damage.
You closely miss something. Something hits you but does no damage.
Something hits you!
* * * LOW HITPOINT WARNING * * *
You miss something. You headbutt something.
Something hits you but does no damage.
You feel better. Something hits you but does no damage.
You feel better.
You feel like a meek peon again. Something hits you but does no damage.
Something hits you.
* * * LOW HITPOINT WARNING * * *
Something hits you but does no damage. Something hits you but does no damage.
Something hits you.
* * * LOW HITPOINT WARNING * * *
You hit something. Something hits you!
* * * LOW HITPOINT WARNING * * *
Something completely misses you. Something hits you but does no damage.
Something completely misses you. You block something's attack.
Something hits you.
* * * LOW HITPOINT WARNING * * *
Something hits you!
* * * LOW HITPOINT WARNING * * *
Aiming: Iceblast
Press: ? - help, Shift-Dir - straight line The mass of ice explodes!
You hear a shout! x2
Something hits you but does no damage.
You hear a shout!
Something hits you but does no damage. Something hits you but does no damage.
You slash something! Something hits you but does no damage.
You miss something. Something hits you.
You die...

#...........#
###+##...........#######
........................
.......................
≈≈≈≈≈..................
###≈..................
#≈..................
#≈{.......####......
#≈.@....(...........
#≈..................
≈≈≈≈..################
........# ###.....#
#######


There were no monsters in sight!

Vanquished Creatures
  A troll (D:9)
  Grinder (D:4)
  2 water moccasins (D:7)
  8 orc warriors
  A sky beast (D:7)
  An ice beast (D:6)
  An ogre (D:4)
  3 centaurs
  A kobold brigand (D:9)
  3 bullfrogs
  2 gnoll sergeants
  2 scorpions (D:5)
  A water moccasin zombie (D:5)
  13 killer bees (D:10)
  11 wights
  A bullfrog zombie (D:5)
  3 hounds
  A bullfrog skeleton (D:5)
  Crazy Yiuf (D:7)
  2 jellies
  2 orc priests
  2 iguanas (D:6)
  8 orc wizards
  25 gnolls
  7 adders
  A shadow imp (D:3)
  A worm (D:2)
  3 dart slugs
  27 orcs
  9 ball pythons
  4 endoplasms (D:1)
  3 giant cockroaches
  8 goblins
  5 hobgoblins
  2 jackals (D:5)
  2 quokkas
  5 bats
  A frilled lizard (D:2)
  5 kobolds
  7 rats
186 creatures vanquished.

Notes
Turn   | Place    | Note
-------+----------+-------------------------------------------
     0 | D:1      | Peloso the Minotaur Fighter began the quest for the Orb.
     0 | D:1      | Reached XP level 1. HP: 19/19 MP: 0/0
   104 | D:1      | Reached XP level 2. HP: 24/27 MP: 1/1
   187 | D:1      | Found a faded altar of an unknown god.
   228 | D:1      | Reached skill level 4 in Armour
   747 | D:2      | Reached XP level 3. HP: 28/33 MP: 2/2
  1585 | D:2      | Reached XP level 4. HP: 13/40 MP: 3/3
  1852 | D:3      | Reached skill level 1 in Dodging
  2387 | D:3      | Reached XP level 5. HP: 35/46 MP: 4/4
  2658 | D:3      | Found the +8 woodcutter's axe {vorpal}
  3024 | D:4      | Found Ecleog's Antique Weapon Emporium.
  3027 | D:4      | Reached skill level 5 in Long Blades
  3041 | D:4      | Reached skill level 5 in Armour
  3092 | D:4      | Reached XP level 6. HP: 53/53 MP: 5/5
  3160 | D:4      | Found a staircase to the Ecumenical Temple.
  3161 | D:4      | Noticed Grinder
  3170 | D:4      | Killed Grinder
  3171 | D:4      | Reached skill level 5 in Fighting
  3171 | D:4      | Reached XP level 7. HP: 37/61 MP: 6/6
  3175 | Temple   | Entered the Ecumenical Temple
  3326 | Temple   | Became a worshipper of Warmaster Okawaru
  3424 | D:4      | Reached skill level 6 in Armour
  3509 | D:4      | Reached skill level 1 in Axes
  4002 | D:5      | Entered Level 5 of the Dungeon
  4034 | D:5      | You fall into a shaft and drop 2 floors!
  4158 | D:7      | Reached * piety under Okawaru
  4159 | D:7      | Reached skill level 7 in Armour
  4159 | D:7      | Reached XP level 8. HP: 46/70 MP: 7/7
  5177 | D:7      | Reached skill level 8 in Armour
  5177 | D:7      | Reached skill level 5 in Shields
  5300 | D:7      | Got the Grimoire of the Sinister Blaze
  5519 | D:7      | Found a runed translucent door.
  5520 | D:7      | Noticed Crazy Yiuf
  5525 | D:7      | Killed Crazy Yiuf
  5697 | D:6      | Found a transporter.
  5728 | D:6      | Reached ** piety under Okawaru
  5848 | D:6      | Reached XP level 9. HP: 48/79 MP: 8/8
  6292 | D:6      | Found a transporter.
  6292 | D:6      | Noticed Faeu's ghost (novice MiGl)
  6380 | D:5      | Reached skill level 5 in Axes
  6882 | D:8      | Reached skill level 9 in Armour
  8044 | D:9      | Found Vumn's Jewellery Shop.
  8443 | D:9      | Reached *** piety under Okawaru
  8460 | D:9      | Found a staircase to the Lair.
  8467 | D:9      | Reached skill level 10 in Armour
  8657 | D:9      | Noticed a troll
  8663 | D:9      | Killed a troll
  8883 | D:10     | Entered Level 10 of the Dungeon
  8950 | D:10     | Reached XP level 10. HP: 71/91 MP: 9/9
  9128 | D:10     | HP: 3/92 [something (7)]
  9133 | D:10     | Slain by an unseen horror

Illustrated notes

Levels and vault maps discovered:
D:1:      onia_arrival_pyramid, layout_rooms, hellmonk_ecumenical_altar_blasted
D:2:      layout_loops_ring
D:3:      layout_loops_corners
D:4:      nicolae_cairo_tiling_large, layout_rooms, minmay_temple_entry_arrows,
          nicolae_stop_n_shop_1, uniq_grinder
D:5:      layout_basic
D:6:      layout_basic, mainiacjoe_overflow_catwalk, zin_purify,
          gammafunk_ghost_hive
D:7:      layout_loops_ring, uniq_crazy_yiuf_cottage
D:8:      layout_basic
D:9:      layout_rooms, lair_entry_dummy, serial_shops, shop
D:10:     lemuel_ice_statue, layout_stronghold, enter_bailey_3,
          lightli_minifort, uniq_sonja
Temple:   mainiacjoe_temple_big_plus

Skill      XL: |  1  2  3  4  5  6  7  8  9 |
---------------+----------------------------+-----
Armour         | 4 5 7 8 10 | 10.6
Shields        | 4 5 6 |  6.7
Long Blades    | 3 4 5 6 7 |  7.0
Fighting       | 4 5 7 9 |  9.7
Dodging        | 1 2 |  2.1
Axes           | 2 4 6 |  6.7
Stealth        | |  0.6
Invocations    | |  0.2

Action                   |  1- 3 |  4- 6 |  7- 9 | 10-12 || total
-------------------------+-------+-------+-------+-------++-------
Melee: Long sword        |    83 |    45 |       |       ||   128
       Headbutt          |     8 |     8 |    45 |     5 ||    66
       War axe           |       |    21 |   235 |    27 ||   283
Invok: Heroism           |       |       |     2 |     2 ||     4
Evoke: Wand              |       |       |       |     1 ||     1
  Use: Potion            |     2 |     1 |     3 |     4 ||    10
       Scroll            |       |       |     8 |     1 ||     9
Armor: Scale mail        |    39 |     9 |       |       ||    48
       Plate armour      |       |    12 |   144 |    49 ||   205
Dodge: Dodged            |    41 |    28 |    82 |    25 ||   176
Block: Buckler           |    17 |    12 |    60 |    16 ||   105
